 Dungeon Crawl Stone Soup version 0.22.1-1-ga44c0e56f4 (webtiles) character file.

64787 Kohma the Peltast (level 15, -13/99 HPs)
             Began as a Gargoyle Fighter on Oct 16, 2018.
             Was the Champion of the Shining One.
             Mangled by an orc warrior
             ... wielding a +0 halberd
             ... led by an orc warlord
              (22 damage)
             ... on level 2 of the Orcish Mines.
             The game lasted 01:12:13 (19928 turns).

Kohma the Peltast (Gargoyle Fighter)               Turns: 19928, Time: 01:12:14

Health: -13/99     AC: 31    Str: 26    XL:     15   Next: 14%
Magic:  23/23      EV:  8    Int:  9    God:    the Shining One [******]
Gold:   1531       SH: 18    Dex: 12    Spells: 14/14 levels left

rFire    + . .     SeeInvis .   a - +6 morningstar (elec)
rCold    . . .     Gourm    .   c - +0 shield
rNeg     + + +     Faith    .   D - +2 chain mail {rF+}
rPois    ∞         Spirit   .   I - +0 helmet
rElec    +         Reflect  +   E - +2 cloak
rCorr    .         Harm     .   (no gloves)
MR       +....                  X - +1 pair of boots
Stlth    ..........             x - +4 amulet of reflection
HPRegen  0.26/turn              (no ring)
MPRegen  0.18/turn              p - +3 ring of dexterity

@: flying, glowing, studying Slings
A: big wings, negative energy resistance 1, electricity resistance, unbreathing,
petrification resistance, rot immunity, AC +11
a: Stop Flying, Divine Shield, Cleansing Flame, Summon Divine Warrior, Brand
Weapon With Holy Wrath, Renounce Religion


You were on level 2 of the Orcish Mines.
You worshipped the Shining One.
The Shining One was exalted by your worship.
You were hungry.

You visited 4 branches of the dungeon, and saw 20 of its levels.
You also visited: Labyrinth and Ice Cave.

You collected 1651 gold pieces.
You spent 120 gold pieces at shops.

Inventory:

Hand Weapons
 a - a +6 morningstar of electrocution (weapon)
 b - a +2 hunting sling of freezing
 g - a +1 morningstar of holy wrath
 o - a +2 hand crossbow of velocity
Missiles
 e - 43 javelins
 n - 490 stones
 A - a throwing net (quivered)
Armour
 c - a +0 shield (worn)
 D - a +2 chain mail of fire resistance (worn)
 E - a +2 cloak (worn)
 I - a +0 helmet (worn)
 K - a +2 chain mail of cold resistance
 S - a +0 buckler of fire resistance
 X - a +1 pair of boots (worn)
Jewellery
 p - a +3 ring of dexterity (right hand)
 t - an uncursed amulet of the acrobat
 x - a +4 amulet of reflection (around neck)
 Q - the ring of Xotrythe {Fire rPois rN+ Int+4 Stlth+}
   (You found it in a labyrinth)

   [ring of fire]

   It enhances your fire magic.
   It affects your intelligence (+4).
   It protects you from fire.
   It makes you vulnerable to cold.
   It protects you from poison.
   It protects you from negative energy.
   It makes you more stealthy.
Wands
 s - a wand of acid (11)
 v - a wand of digging (8)
 J - a wand of flame (82)
 M - a wand of enslavement (14)
 N - a wand of disintegration (23)
 O - a wand of polymorph (22)
 P - a wand of paralysis (14)
Scrolls
 h - 7 scrolls of remove curse
 u - a scroll of blinking
 w - 6 scrolls of teleportation
 C - 2 scrolls of magic mapping
 F - a scroll of amnesia
 G - 2 scrolls of immolation
 R - a scroll of silence
 V - 2 scrolls of enchant armour
 W - a scroll of holy word
Potions
 d - 4 potions of might
 i - 3 potions of curing
 j - 2 potions of ambrosia
 k - a potion of heal wounds
 l - a potion of mutation
 m - 3 potions of agility
 q - 7 potions of lignification
 r - 3 potions of brilliance
 z - 2 potions of cancellation
 B - 4 potions of flight
 U - a potion of magic
 Y - a potion of haste
Books
 y - a manual of Slings
Miscellaneous
 T - a phial of floods
Comestibles
 f - 25 rations
 L - 10 chunks of flesh


   Skills:
 + Level 13.4 Fighting
 - Level 14.0 Maces & Flails
 + Level 9.3 Armour
 - Level 15.0 Shields
 * Level 10.8 Invocations


You had 14 spell levels left.
You didn't know any spells.
Your spell library contained the following spells:

 Spells                   Type           Power        Failure   Level  Hunger
 Animate Skeleton         Necr           N/A          89%         1    ##.....
 Beastly Appendage        Tmut           #.....       89%         1    ##.....
 Corona                   Hex            #......      89%         1    ##.....
 Freeze                   Ice            #...         89%         1    ##.....
 Infusion                 Chrm           #...         89%         1    ##.....
 Magic Dart               Conj           #...         89%         1    ##.....
 Pain                     Necr           #...         89%         1    ##.....
 Sandblast                Erth           #.....       89%         1    ##.....
 Blink                    Tloc           N/A          96%         2    ###....
 Call Imp                 Summ           #.......     96%         2    ###....
 Ensorcelled Hibernation  Hex/Ice        #.....       96%         2    ###....
 Passwall                 Tmut/Erth      #.......     96%         2    ###....
 Shroud of Golubria       Chrm/Tloc      #.........   96%         2    ###....
 Slow                     Hex            #.......     96%         2    ###....
 Song of Slaying          Chrm           #.......     96%         2    ###....
 Sticks to Snakes         Tmut           #.......     96%         2    ###....
 Throw Frost              Conj/Ice       #.....       96%         2    ###....
 Confuse                  Hex            #.......     99%         3    ####...
 Conjure Flame            Conj/Fire      #.......     99%         3    ####...
 Dazzling Spray           Conj/Hex       #.....       99%         3    ####...
 Mephitic Cloud           Conj/Pois/Air  #.......     99%         3    ####...
 Ozocubu's Armour         Chrm/Ice       #.......     99%         3    ####...
 Regeneration             Chrm/Necr      #.........   99%         3    ####...
 Spectral Weapon          Hex/Chrm       #.......     99%         3    ####...
 Spider Form              Tmut/Pois      #.........   99%         3    ####...
 Stone Arrow              Conj/Erth      #.....       99%         3    ####...
 Tukima's Dance           Hex            #.......     99%         3    ####...
 Vampiric Draining        Necr           #.........   99%         3    ####...
 Animate Dead             Necr           N/A          100%        4    #####..
 Ice Form                 Ice/Tmut       #.......     100%        4    #####..
 Petrify                  Tmut/Erth      #.......     100%        4    #####..
 Summon Ice Beast         Ice/Summ       #.......     100%        4    #####..
 Throw Icicle             Conj/Ice       #.......     100%        4    #####..
 Blade Hands              Tmut           #.........   100%        5    ######.
 Lee's Rapid Deconstruct  Erth           #.........   100%        5    ######.
 Metabolic Englaciation   Hex/Ice        #.........   100%        5    ######.
 Bolt of Cold             Conj/Ice       #.........   100%        6    #######
 Freezing Cloud           Conj/Ice/Air   #.........   100%        6    #######
 Ozocubu's Refrigeration  Ice            #.........   100%        6    #######
 Simulacrum               Ice/Necr       #.........   100%        6    #######


Dungeon Overview and Level Annotations

Branches:
Dungeon (11/15)            Temple (1/1) D:4            Lair (6/6) D:10
  Swamp (0/4) Lair:3        Snake (0/4) Lair:4        Slime (0/5) Lair:6
    Orc (2/2) D:10            Elf (0/3) Orc:2

Altars:
Ashenzari
Cheibriados
Dithmenos
Elyvilon
Fedhas
Gozag
Hepliaklqana
Kikubaaqudgha
Makhleb
Nemelex Xobeh
Okawaru
Qazlal
Ru
Sif Muna
Trog
Uskayaw
Vehumet
Wu Jian
Xom
Yredelemnul
Zin
The Shining One
Beogh

Shops:
D:6 ?   D:7 }}:   D:10 }   Orc:2 %}(%[(

Annotations:
Lair:3 exclusion: 4 oklob plants


Innate Abilities, Weirdness & Mutations

You are resistant to torment.
Your stone body is resilient. (AC +11)
You are immune to poison.
Your large and strong wings let you fly indefinitely.
You resist negative energy. (rN+)
You are resistant to electric shocks. (rElec)
You can survive without breathing.
You are immune to petrification.
You are immune to rotting.


Message History

The orc warlord roars a battlecry!
The orc priest hits you but does no damage.
The orc warlord roars a battlecry!
An orc warrior comes into view. It is wielding a trident.
An orc warrior comes into view. It is wielding a halberd.
An orc, an orc warrior, an orc priest and an orc warlord come into view.
An orc warrior comes into view. It is wielding a glaive.
The orc warrior closely misses you.
The orc warlord roars a battlecry!
The orcs go into a battle-frenzy!
The sentinel's mark upon you fades away.
The orc sorcerer casts a spell.
The orc priest calls down the wrath of Beogh upon you.
Beogh smites you!
* * * LOW HITPOINT WARNING * * *
The orc warrior barely misses you.
Found 8 gold pieces.
You block the orc's attack.
The orc warrior hits you from afar with a halberd!!
You die...

..#........
..........
.....$....
.........
......... ...
....#
...###..##
#oo#..@.#
#o.oo..##
#.#oooo.#
#.#..o.#####.
#....o..#.#..
#............
#............
#...oo.......
#..o.........


You could see an orc sorcerer, 5 orc warriors, an orc priest and 4 orcs.

Vanquished Creatures
  An orc warlord (Orc:2)
  A frost giant (IceCv)
  A minotaur (Lab)
  A dire elephant (Lair:6)
  Erolcha (D:11)
  5 hydras
  An ice dragon (Lair:4)
  A merfolk avatar (Lair:6)
  Erica (D:10)
  7 death yaks
  2 orc high priests (Orc:2)
  A harpy (Lair:6)
  3 orc sorcerers
  A manticore (Lair:6)
  An ugly thing (D:11)
  14 elephants
  3 black mambas
  2 ice statues
  4 gargoyles (Lab)
  A torpor snail (Lair:4)
  12 spiny frogs
  9 rime drakes
  A minotaur skeleton (Lab)
  6 komodo dragons
  A queen bee (Lair:3)
  2 tyrant leeches (Lair:3)
  23 polar bears
  Grinder (D:5)
  2 hornets
  3 trolls
  9 blink frogs
  2 dream sheep (Lair:4)
  4 slime creatures (Lair:6)
  6 hippogriffs
  Eustachio (D:7)
  A spriggan (D:8)
  4 wyverns
  A vampire (D:10)
  25 yaks
  5 basilisks
  A hungry ghost (Lab)
  4 wargs
  12 water moccasins
  2 porcupines (Lair:5)
  5 sky beasts
  7 ice beasts
  17 orc warriors
  A necrophage (D:11)
  26 wolves
  A phantom (D:5)
  A centaur (D:7)
  4 ogres
  16 crocodiles
  2 big kobolds
  Blork the orc (D:6)
  15 bullfrogs
  A wyvern skeleton (D:6)
  4 scorpions
  82 killer bees
  4 wights (D:7)
  9 crimson imps
  A quasit (D:6)
  A centaur skeleton (D:4)
  6 hounds
  A jelly (D:5)
  2 bullfrog zombies
  7 orc priests
  17 orc wizards
  Jessica (D:2)
  An iguana (D:8)
  A hell rat (Lair:3)
  8 worker ants
  A killer bee zombie (D:7)
  3 hound zombies
  2 hound skeletons
  A worker ant zombie (D:9)
  2 howler monkey skeletons
  17 adders
  15 gnolls
  2 shadow imps
  3 white imps (Lair:5)
  An adder skeleton (D:8)
  3 worms
  A dart slug (D:4)
  7 leopard geckos
  55 orcs
  11 bats
  3 giant cockroaches
  2 gnoll zombies (D:9)
  13 goblins
  10 hobgoblins
  6 jackals
  11 kobolds
  5 quokkas
  3 frilled lizards (D:1)
  A leopard gecko skeleton (D:4)
  A quokka skeleton (D:4)
  8 rats
  A plant (D:10)
619 creatures vanquished.

Vanquished Creatures (others)
  A hornet (Lair:6)
  An orc warrior (Orc:2)
  An orc (Orc:2)
  9 fungi
  12 plants
24 creatures vanquished.

Grand Total: 643 creatures vanquished

Notes
Turn   | Place    | Note
-------+----------+-------------------------------------------
     0 | D:1      | Kohma the Gargoyle Fighter began the quest for the Orb.
     0 | D:1      | Reached XP level 1. HP: 14/14 MP: 1/1
   209 | D:1      | Reached XP level 2. HP: 19/19 MP: 2/2
   381 | D:1      | Reached XP level 3. HP: 17/23 MP: 3/3
   734 | D:1      | Reached skill level 4 in Shields
   973 | D:2      | Noticed Jessica
   982 | D:2      | Killed Jessica
   982 | D:2      | Reached XP level 4. HP: 25/29 MP: 4/4
  1567 | D:2      | Reached XP level 5. HP: 33/33 MP: 5/5
  2375 | D:3      | Found a radiant altar of Vehumet.
  2436 | D:3      | Found a glowing silver altar of Zin.
  2952 | D:4      | Reached skill level 5 in Shields
  2952 | D:4      | Reached XP level 6. HP: 37/38 MP: 6/6
  2967 | D:4      | Found a staircase to the Ecumenical Temple.
  2992 | Temple   | Entered the Ecumenical Temple
  3055 | Temple   | Became a worshipper of the Shining One
  3251 | D:4      | Noticed Eustachio
  4093 | D:4      | Found a sacrificial altar of Ru.
  4544 | D:5      | Entered Level 5 of the Dungeon
  4554 | D:5      | Reached XP level 7. HP: 44/44 MP: 7/7
  4556 | D:5      | Noticed Grinder
  4562 | D:5      | Paralysed by Grinder for 3 turns
  4585 | D:5      | Paralysed by Grinder for 7 turns
  4600 | D:5      | Paralysed by Grinder for 7 turns
  4610 | D:5      | Killed Grinder
  4610 | D:5      | Reached skill level 5 in Maces & Flails
  4610 | D:5      | Reached skill level 6 in Shields
  4751 | D:5      | Reached skill level 5 in Fighting
  4845 | D:5      | Found the +4 moon troll leather armour {Spirit, Regen++
                  | MP+5}
  4941 | D:5      | Reached * piety under the Shining One
  4978 | D:5      | Reached XP level 8. HP: 49/49 MP: 8/8
  5179 | D:5      | Reached skill level 7 in Shields
  5294 | D:5      | Reached skill level 5 in Armour
  5670 | D:6      | Reached skill level 8 in Shields
  5670 | D:6      | Reached XP level 9. HP: 49/55 MP: 9/9
  5727 | D:6      | Found Begolaev's Magic Scroll Shop.
  5743 | D:6      | Bought a scroll of identify for 20 gold pieces
  5743 | D:6      | Bought a scroll of remove curse for 30 gold pieces
  5743 | D:6      | Bought a scroll of remove curse for 30 gold pieces
  5743 | D:6      | Bought a scroll of identify for 20 gold pieces
  5743 | D:6      | Bought a scroll of identify for 20 gold pieces
  5991 | D:6      | Noticed Blork the orc
  5996 | D:6      | Killed Blork the orc
  6002 | D:6      | Identified a scroll of acquirement
  6164 | D:7      | Found Qetosch's Book Shoppe.
  6164 | D:7      | Reached ** piety under the Shining One
  6307 | D:7      | Reached skill level 9 in Shields
  6330 | D:7      | Found Retz's Gadget Emporium.
  6333 | D:7      | Found Hodyahat's Gadget Emporium.
  6539 | D:7      | Killed Eustachio
  6975 | D:8      | Reached XP level 10. HP: 63/63 MP: 10/10
  7244 | D:8      | Reached skill level 10 in Shields
  7260 | D:8      | Reached *** piety under the Shining One
  7485 | D:9      | Found a white marble altar of Elyvilon.
  7490 | D:9      | Found a burning altar of Makhleb.
  7493 | D:9      | Noticed a green death
  7984 | D:9      | Found a basalt altar of Yredelemnul.
  8087 | D:10     | Entered Level 10 of the Dungeon
  8185 | D:10     | Found Neusy's Gadget Emporium.
  8241 | D:10     | Found a staircase to the Lair.
  8366 | D:10     | Found a staircase to the Orcish Mines.
  8407 | D:10     | Noticed Erica
  8420 | D:10     | Killed Erica
  8420 | D:10     | Reached skill level 11 in Shields
  8455 | D:10     | Reached skill level 10 in Maces & Flails
  8862 | D:11     | Found a labyrinth entrance.
  8890 | Lab      | Entered a labyrinth
  8982 | Lab      | Reached **** piety under the Shining One
  9075 | Lab      | Noticed a gargoyle
  9085 | Lab      | Killed a gargoyle
  9085 | Lab      | Reached XP level 11. HP: 66/69 MP: 11/11
  9640 | Lab      | Noticed a minotaur
  9656 | Lab      | Killed a minotaur
  9669 | Lab      | Got a smoking jade ring
  9893 | D:10     | Identified the ring of Xotrythe {Fire rPois rN+ Int+4
                  | Stlth+} (You found it in a labyrinth)
  9938 | D:11     | Noticed Erolcha
  9947 | D:11     | Killed Erolcha
  9947 | D:11     | Reached skill level 12 in Shields
  9958 | D:11     | Noticed a brown ugly thing
  9967 | D:11     | Killed a brown ugly thing
 10388 | Lair:1   | Entered Level 1 of the Lair of Beasts
 10965 | Lair:1   | Reached XP level 12. HP: 53/77 MP: 12/12
 10980 | Lair:1   | Reached skill level 13 in Shields
 11106 | Lair:1   | Noticed a five-headed hydra
 11120 | Lair:1   | Killed a five-headed hydra
 11177 | Lair:1   | Reached skill level 10 in Fighting
 11405 | Lair:1   | Noticed an eight-headed hydra
 11414 | Lair:1   | Killed an eight-headed hydra
 13074 | Lair:3   | Reached skill level 14 in Shields
 13320 | Lair:3   | Reached ***** piety under the Shining One
 13367 | Lair:3   | Reached XP level 13. HP: 52/84 MP: 13/13
 13950 | Lair:3   | Found a staircase to the Swamp.
 14719 | Lair:4   | Found a staircase to the Snake Pit.
 14769 | Lair:4   | Reached skill level 15 in Shields
 15302 | Lair:5   | Noticed an ice dragon
 15318 | Lair:4   | Killed an ice dragon
 15560 | Lair:4   | Reached skill level 1 in Invocations
 16261 | Lair:5   | Reached skill level 5 in Invocations
 16285 | Lair:5   | Gained mutation: Your large and strong wings let you fly
                  | indefinitely. [Gargoyle growth]
 16285 | Lair:5   | Reached XP level 14. HP: 65/92 MP: 16/18
 16798 | Lair:6   | Entered Level 6 of the Lair of Beasts
 17015 | Lair:6   | Found a frozen archway.
 17029 | IceCv    | Entered an ice cave
 17469 | IceCv    | Noticed a frost giant
 17482 | IceCv    | Killed a frost giant
 17639 | IceCv    | Got a steaming triple crossbow
 18628 | Lair:6   | Noticed a dire elephant
 18638 | Lair:6   | Reached ****** piety under the Shining One
 18642 | Lair:6   | Killed a dire elephant
 18706 | Lair:6   | Found a staircase to the Slime Pits.
 19074 | Orc:1    | Entered Level 1 of the Orcish Mines
 19079 | Orc:1    | Paralysed by an orc sorcerer for 3 turns
 19083 | Orc:1    | Reached skill level 10 in Invocations
 19181 | Orc:1    | Paralysed by an orc sorcerer for 4 turns
 19370 | Orc:2    | Entered Level 2 of the Orcish Mines
 19371 | Orc:2    | Noticed an orc warlord
 19383 | Orc:2    | Reached XP level 15. HP: 97/99 MP: 22/22
 19400 | Orc:2    | Killed an orc warlord
 19560 | Orc:2    | Found a roughly hewn altar of Beogh.
 19561 | Orc:2    | Found Kiothrama's Gadget Boutique.
 19622 | Orc:2    | Found Kauzaf's Food Emporium.
 19626 | Orc:2    | Found Nosaxyw's Antique Weapon Shoppe.
 19626 | Orc:2    | Found Bumiuttioso's Antique Armour Shop.
 19695 | Orc:2    | Found a roughly hewn altar of Beogh.
 19720 | Orc:2    | Found Pustiyc's Food Shoppe.
 19849 | Orc:2    | Found Cogie's Weapon Boutique.
 19904 | Orc:2    | Paralysed by an orc sorcerer for 7 turns
 19915 | Orc:2    | Found a staircase to the Elven Halls.
 19915 | Orc:2    | Noticed an orc warlord
 19924 | Orc:2    | Noticed an orc warlord
 19928 | Orc:2    | Mangled by an orc warrior

Skill      XL: |  1  2  3  4  5  6  7  8  9 10 11 12 13 14 15 |
---------------+----------------------------------------------+-----
Shields        | 4 5 6 8 9 11 12 14 15 | 15.0
Maces & Flails | 3 4 5 6 8 10 11 13 14 | 14.0
Fighting       | 4 5 6 7 8 9 10 12 13 | 13.4
Armour         | 4 5 6 8 9 |  9.3
Invocations    | 5 10 | 10.8

Action                   |  1- 3 |  4- 6 |  7- 9 | 10-12 | 13-15 || total
-------------------------+-------+-------+-------+-------+-------++-------
Melee: Flail             |   120 |   419 |   235 |       |       ||   774
       Morningstar       |       |       |    91 |   551 |   763 ||  1405
 Abil: Fly               |       |       |       |       |     2 ||     2
       Stop Flying       |       |       |       |       |     1 ||     1
Evoke: Wand              |       |       |       |     1 |     2 ||     3
  Use: Scroll            |       |       |    22 |     7 |    12 ||    41
       Potion            |       |       |       |     3 |     1 ||     4
  Eat: Chunk             |       |     9 |     7 |     4 |    10 ||    30
       Ration            |       |     1 |     1 |     5 |     3 ||    10
Armor: Scale mail        |    53 |    31 |       |       |       ||    84
       Plate armour      |       |   288 |    36 |       |       ||   324
       Troll leather arm |       |       |   122 |    72 |       ||   194
       Chain mail        |       |       |       |   266 |   382 ||   648
Dodge: Dodged            |    48 |    89 |   101 |   233 |   182 ||   653
Block: Shield            |    71 |   243 |   219 |   429 |   761 ||  1723
       Reflection        |       |       |     4 |    16 |    10 ||    30
       Buckler           |       |       |       |   129 |       ||   129
